 Dungeon Crawl Stone Soup version 0.30-a0-756-gc2185399d4 (console) character file.

Game seed: 7614324610444762185

577 rlgrobin the Digger (level 7, -1/48 HPs)
             Began as a Demonspawn Wanderer on Feb 9, 2023.
             Slain by a hornet (8 damage)
             ... on level 4 of the Dungeon.
             The game lasted 00:13:05 (3586 turns).

rlgrobin the Digger (Demonspawn Wanderer)           Turns: 3586, Time: 00:13:06

Health: -1/48      AC:  7    Str: 12    XL:     7   Next: 13%
Magic:  13/13      EV: 11    Int: 16    God:
Gold:   200        SH:  3    Dex: 12    Spells: 10/14 levels left

rFire   . . .      SeeInvis .    a - +2 whip (elec)
rCold   . . .      Faith    .    d - +0 buckler
rNeg    . . .      Spirit   .    c - +0 robe
rPois   .          Reflect  .    D - +0 helmet
rElec   .          Harm     .    (no cloak)
rCorr   .          Rampage  .    o - +0 pair of gloves
Will    +....                    t - +2 pair of boots
Stlth   ++                       i - amulet of magic regeneration
HPRegen 0.28/turn                v - ring of wizardry
MPRegen 0.66/turn                B - ring of willpower

@: lethally poisoned (-1 -> -8), slowed, very slow
A: magic regeneration, demonic magic 2
a: no special abilities


You were on level 4 of the Dungeon.
You visited 1 branch of the dungeon, and saw 4 of its levels.
You also visited: Sewer.

You collected 200 gold pieces.

Inventory:

Hand Weapons
 a - a +2 whip of electrocution (weapon)
Armour
 c - a +0 robe (worn)
 d - a +0 buckler (worn)
 o - a +0 pair of gloves (worn)
 t - a +2 pair of boots (worn)
 D - a +0 helmet (worn)
Jewellery
 i - an amulet of magic regeneration (around neck)
 k - a ring of fire
 v - a ring of wizardry (left hand)
 B - a ring of willpower (right hand)
Scrolls
 g - 6 scrolls of identify {unknown}
 l - 3 scrolls of vulnerability {unknown}
 q - a scroll of butterflies
 r - 2 scrolls of acquirement {unknown}
 s - a scroll of blinking
 u - a scroll of fog {unknown}
 x - 2 scrolls of enchant weapon
 y - a scroll of poison {unknown}
 z - a scroll of magic mapping {unknown}
 C - a scroll of enchant armour {unknown}
 E - a scroll of fear {unknown}
Potions
 b - 3 potions of heal wounds
 e - 2 potions of curing {unknown}
 f - 3 potions of resistance {unknown}
 h - a potion of attraction {unknown}
 j - a potion of ambrosia {unknown}
 m - 3 potions of cancellation {unknown}
 n - a potion of might {unknown}
 p - a potion of brilliance {unknown}
 w - 2 potions of flight {unknown}
 A - a potion of mutation {unknown}


   Skills:
 - Level 1.0 Fighting
 + Level 1.5 Dodging
 - Level 1.9 Stealth
 - Level 1.0 Shields
 - Level 4.1 Spellcasting
 - Level 2.0 Conjurations
 - Level 2.6 Transmutations
 + Level 5.4 Earth Magic


You had 10 spell levels left.
You knew the following spells:

 Your Spells              Type           Power      Damage    Failure   Level
a - Sandblast             Erth           40%        2d10      1%          1
b - Stone Arrow           Conj/Erth      30%        3d8       6%          3

Your spell library contained the following spells:

 Spells                   Type           Power      Damage    Failure   Level
 Beastly Appendage        Tmut           22%        N/A       3%          1
 Spider Form              Tmut/Pois      7%         N/A       16%         3
 Animate Armour           Summ/Erth      24%        N/A       28%         4


Dungeon Overview and Level Annotations

Branches:
Dungeon (4/15)              Sewer (visited)
 Temple: D:4-7

Altars:
Hepliaklqana
Nemelex Xobeh
Wu Jian


Innate Abilities, Weirdness & Mutations

You regenerate magic rapidly.
Spells you cast may paralyse nearby enemies.


Message History

Aim: a hornet (moderately wounded, 74% to hit)
The blast of sand misses the hornet.
Malevolent energies surge around you. The hornet closely misses you.
You block the hornet's attack.
Casting: Sandblast (safe; 1% risk of failure)
Confirm with . or Enter, or press ? or * to list all spells.
Aiming: Sandblast (safe; 1% risk of failure)
Press: ? - help, Shift-Dir - straight line, f/p - hornet
Aim: a hornet (moderately wounded, 74% to hit)
The blast of sand hits the hornet but does no damage.
The hornet is moderately wounded.
Malevolent energies surge around you.
The hornet suddenly stops moving!
The helpless hornet fails to defend itself.
You hit the hornet.
The hornet is heavily wounded.
The helpless hornet fails to defend itself.
You hit the hornet.
The hornet is severely wounded.
The hornet is no longer paralysed.
You block the hornet's attack. The hornet stings you!
You feel yourself slow down.
You closely miss the hornet.
The hornet is severely wounded.
The hornet stings you but does no damage.
The hornet barely misses you. The hornet stings you!
You are poisoned.
You suddenly lose the ability to move!
You can move again.
Casting: Sandblast (safe; 1% risk of failure)
Confirm with . or Enter, or press ? or * to list all spells.
Aiming: Sandblast (safe; 1% risk of failure)
Press: ? - help, Shift-Dir - straight line, f/p - hornet
Aim: a hornet (severely wounded, 74% to hit)
The blast of sand hits the hornet.
The hornet is severely wounded.
Malevolent energies surge around you.
You feel yourself speed up.
You feel very sick. The hornet stings you!
* * * LOW HITPOINT WARNING * * *
You feel yourself slow down. The hornet stings you!
You die...

.# #†..##..## ####.#
.###.####..# ####....#
..†.......####.......##..
.........###.............#
.......####..........##...
....#### #..####.###.# ##
.#### ##...# #.# ...###
#....# #.# .....## #..y@#
.# †.....# .......?#
.###..## ...######
.###...# ...#
..##...#....#
..............
############## ... ###


You could see a hornet.

Vanquished Creatures
  2 bullfrogs (Sewer)
  A scorpion (D:4)
  A hound (D:4)
  An iguana (D:4)
  Natasha (thrice) (D:3)
  An orc wizard (D:4)
  8 adders
  3 gnolls (D:4)
  A worm (D:4)
  3 dart slugs
  11 ball pythons
  10 endoplasms
  19 giant cockroaches
  3 goblins
  10 hobgoblins
  7 jackals
  11 quokkas
  3 bats
  8 frilled lizards
  6 kobolds
  5 rats
117 creatures vanquished.

Notes
Turn   | Place    | Note
-------+----------+-------------------------------------------
     0 | D:1      | rlgrobin the Demonspawn Wanderer began the quest for the
                  | Orb.
     0 | D:1      | rlgrobin set off with the following items: a +0 club, a
                  | potion of heal wounds, a +0 robe, a +0 buckler; and the
                  | following spells available to memorise: Beastly Appendage,
                  | Sandblast, Spider Form, Stone Arrow, Animate Armour.
     0 | D:1      | Reached XP level 1. HP: 15/15 MP: 3/3
     2 | D:1      | Learned a level 1 spell: Sandblast
    55 | D:1      | Reached skill level 1 in Stealth
   159 | D:1      | Gained mutation: You regenerate magic rapidly. [demonic
                  | ancestry]
   159 | D:1      | Reached XP level 2. HP: 21/21 MP: 1/5
   732 | D:2      | Reached skill level 3 in Earth Magic
   748 | D:2      | Gained mutation: Spells you cast may paralyse adjacent
                  | enemies. [demonic ancestry]
   748 | D:2      | Reached XP level 3. HP: 26/26 MP: 6/6
  1459 | D:3      | Found a faded altar of an unknown god.
  1546 | D:3      | Found a glowing drain.
  1550 | Sewer    | Entered a sewer
  1588 | Sewer    | Gained mutation: Spells you cast may paralyse nearby
                  | enemies. [demonic ancestry]
  1588 | Sewer    | Reached XP level 4. HP: 32/32 MP: 8/8
  1722 | Sewer    | Learned a level 3 spell: Stone Arrow
  1799 | Sewer    | Noticed a bullfrog
  1810 | Sewer    | Killed a bullfrog
  1811 | Sewer    | Reached skill level 4 in Earth Magic
  1811 | Sewer    | Reached XP level 5. HP: 28/37 MP: 8/10
  2349 | D:3      | Found an ornate altar of the Wu Jian Council.
  2450 | D:3      | Noticed Natasha
  2457 | D:3      | Killed Natasha
  2458 | D:3      | Reached XP level 6. HP: 25/43 MP: 12/12
  2883 | D:3      | Noticed Natasha
  2887 | D:3      | Killed Natasha
  3032 | D:3      | Found a hazy altar of Hepliaklqana.
  3048 | D:3      | Found a sparkling altar of Nemelex Xobeh.
  3174 | D:3      | Noticed Natasha
  3180 | D:3      | Killed Natasha
  3181 | D:3      | Reached skill level 1 in Conjurations
  3237 | D:4      | Reached skill level 5 in Earth Magic
  3429 | D:4      | Reached skill level 1 in Dodging
  3500 | D:4      | Reached XP level 7. HP: 48/48 MP: 13/13
  3550 | D:4      | Noticed a hornet
  3585 | D:4      | Paralysed by a hornet for 1 turns
  3586 | D:4      | Slain by a hornet

Illustrated notes

Levels and vault maps discovered:
D:1:      ncdulo_watergridlock, layout_rooms, kennysheep_minor_cross
D:2:      layout_basic
D:3:      layout_loops_ring, jmf_multi_god_temple, mainiacjoe_overflow_swirl,
          gup_sewer_entry_bowl, ebering_ecumenical_altar_mist, minivault_23,
          minmay_misc_feat_iff, uniq_natasha
D:4:      minmay_recursive_quarters, layout_basic, lightli_temple_of_fire,
          minmay_starry_boxes

Skill      XL: |  1  2  3  4  5  6 |
---------------+-------------------+-----
Stealth        | 1 |  1.9
Earth Magic    | 3 4 5 |  5.4
Spellcasting   | 3 4 |  4.1
Conjurations   | 2 |  2.0
Dodging        | 1 |  1.5
Fighting       | |  1.0
Shields        | |  1.0
Transmutations | |  2.6

Action                     |  1- 3 |  4- 6 |  7- 9 || total
---------------------------+-------+-------+-------++-------
  Melee: Whip              |    64 |   118 |     3 ||   185
   Cast: Sandblast         |    45 |    66 |     6 ||   117
    Use: Scroll            |     3 |       |       ||     3
   Stab: Paralysed         |     1 |    11 |     2 ||    14
         Distracted        |     1 |       |       ||     1
 Armour: Robe              |    21 |    41 |     1 ||    63
  Dodge: Dodged            |    51 |    62 |     3 ||   116
  Block: Buckler           |    12 |    22 |     2 ||    36

Table legend: (Time is in decaauts)
 A = Elapsed time spent in this place.
 B = Non-inter-level travel time spent in this place.
 C = Inter-level travel time spent in this place.
 D = Time resting spent in this place.
 E = Time spent auto-exploring this place.
 F = Levels seen in this place.
 G = Mean time per level.
                   A        B        C        D        E       F      G
               +--------+--------+--------+--------+--------+-----+--------+
         Total |   3782 |   3687 |     95 |    584 |   1957 |   5 |  756.4 |
       Dungeon |   2964 |   2869 |     95 |    428 |   1646 |   4 |  741.0 |
         Sewer |    818 |    818 |      0 |    156 |    310 |   1 |  818.0 |
               +--------+--------+--------+--------+--------+-----+--------+

Top non-repeatable levels by time:
     D:3: 1162 daAuts
   Sewer: 818 daAuts
     D:2: 730 daAuts
     D:1: 677 daAuts
     D:4: 393 daAuts
